 Dungeon Sprint DCSS version 0.31.0-12-g77e489cdc1 (webtiles) character file.

Game seed: 12716466481593698333

57044 Groucho the Eclecticist (level 14, 0/77 HPs)
             Began as a Spriggan Earth Elementalist on Feb 11, 2024.
             Was the Champion of Sif Muna.
             Killed from afar by a red draconian scorcher (37 damage)
             ... with a fireball
             ... in the Dungeon (Sprint VII: "The Pits").
             The game lasted 00:55:49 (22560 turns).

Groucho the Eclecticist (SpEE)                     Turns: 22560, Time: 00:55:49

Health: 0/77       AC: 17    Str:  4    XL:     14   Next: 44%
Magic:  27/37      EV: 23    Int: 27    God:    Sif Muna [******]
Gold:   57         SH:  0    Dex: 16    Spells: 20/49 levels left

rFire   . . .        r - +5 dagger
rCold   . . .        (no shield)
rNeg    . . .        A - +6 acid dragon scales
rPois   .            a - +0 hat
rElec   .            (no cloak)
rCorr   +            (gloves unavailable)
SInv    +            (boots unavailable)
Will    ++...        (no amulet)
Stlth   ++++++       t - +4 ring of protection
HPRegen 0.32/turn    v - +6 ring of intelligence
MPRegen 0.25/turn

%: no teleportation
@: very quick
A: very small, no large weapons, unfitting armour, see invisible, speed 3
a: Renounce Religion, Channel Magic, Forget Spell, Divine Exegesis


You were in the Dungeon.
You worshipped Sif Muna.
Sif Muna was exalted by your worship.
You visited 1 branch You collected 57 gold pieces.

Inventory:

Hand Weapons
 q - a +2 rapier of draining
 r - a +5 dagger (weapon)
Armour
 a - a +0 hat (worn)
 A - +6 acid dragon scales (worn)
Magical Staves
 z - a staff of fire
 C - a staff of conjuration
Jewellery
 m - a ring of magical power
 n - a +3 ring of protection
 o - a +3 ring of intelligence
 t - a +4 ring of protection (left hand)
 v - a +6 ring of intelligence (right hand)
 y - a ring of fire
 D - the ring "Bezeem" {rPois Str-5 Int+6 Slay+4 Stlth-}
   (You took it off a centaur in the Dungeon)

   [ring of intelligence]

   Str-5:     It affects your strength (-5).
   Int+6:     It affects your intelligence (+6).
   Slay+4:    It affects your accuracy & damage with ranged weapons and melee
   (+4).
   rPois:     It protects you from poison Stlth-: It makes you less stealthy.
Wands
 w - a wand of digging (7)
 B - a wand of mindburst (15)
Scrolls
 g - 5 scrolls of blinking
 h - 6 scrolls of enchant weapon
 j - 2 scrolls of vulnerability
 k - 5 scrolls of amnesia
 l - a scroll of butterflies
 x - a scroll of silence
Potions
 b - 4 potions of magic
 c - 7 potions of curing
 d - a potion of heal wounds
 e - 3 potions of haste
 f - 7 potions of berserk rage
 i - a potion of invisibility
 p - 3 potions of brilliance
 s - 2 potions of resistance
 u - a potion of might


   Skills:
 - Level 10.0 Fighting
 - Level 10.0 Short Blades
 + Level 6.8 Armour
 - Level 15.0 Dodging
 - Level 15.0 Stealth
 - Level 18.1 Spellcasting
 + Level 13.2 Conjurations
 * Level 10.7 Necromancy
 + Level 15.8 Earth Magic
 + Level 17.9 Alchemy
 - Level 10.0 Invocations


You had 20 spell levels left.
You knew the following spells:

 Your Spells              Type           Power      Damage    Failure   Level
a - Sandblast             Erth           100%       2d20      0%          1
b - Stone Arrow           Conj/Erth      100%       3d13      1%          3
c - Petrify               Alch/Erth      86%        N/A       1%          4
d - Lee's Rapid Deconstr  Erth           41%        3d20*     1%          5
e - Irradiate             Conj/Alch      41%        3d25      1%          5
f - Bombard               Conj/Erth      40%        9d7       1%          6
g - Borgnjor's Vile Clut  Necr/Erth      38%        N/A       1%          5

Your spell library contained the following spells:

 Spells                   Type           Power      Damage    Failure   Level
 Sting                    Conj/Alch      100%       1d9       0%          1
 Kiss of Death            Conj/Necr      100%       2d13      1%          1
 Magic Dart               Conj           100%       1d8       1%          1
 Necrotise                Necr           100%       1d9       1%          1
 Shock                    Conj/Air       100%       1d9       1%          1
 Cigotuvi's Dreadful Rot  Necr/Alch/Air  100%       N/A       1%          2
 Mercury Vapours          Alch/Air       100%       N/A       1%          2
 Momentum Strike          Conj/Tloc      100%       3d10      1%          2
 Searing Ray              Conj           100%       2d8       1%          2
 Dazzling Flash           Conj/Hex       100%       N/A       1%          3
 Hailstorm                Conj/Ice       57%        3d11      1%          3
 Mephitic Cloud           Conj/Alch/Air  69%        N/A       1%          3
 Passwall                 Erth           83%        N/A       1%          3
 Vampiric Draining        Necr           70%        2d11      1%          3
 Animate Armour           Summ/Erth      100%       N/A       1%          4
 Animate Dead             Necr           70%        N/A       1%          4
 Brom's Barrelling Bould  Conj/Erth      80%        2d9       1%          4
 Fulminant Prism          Conj/Alch      41%        3d19      1%          4
 Ignite Poison            Fire/Alch      64%        N/A       1%          4
 Leda's Liquefaction      Alch/Erth      43%        N/A       1%          4
 Olgreb's Toxic Radiance  Alch           88%        N/A       1%          4
 Sticky Flame             Fire/Alch      64%        2d11      1%          4
 Alistair's Intoxication  Alch           58%        N/A       1%          5
 Curse of Agony           Necr           70%        N/A       1%          5
 Iskenderun's Battlesphe  Conj           77%        2d13      1%          5
 Eringya's Noxious Bog    Alch           44%        4d6       1%          6
 Flame Wave               Conj/Fire      57%        2d14      2%          4
 Iskenderun's Mystic Bla  Conj/Tloc      57%        2d12      2%          4
 Yara's Violent Unravell  Hex/Alch       32%        3d13      2%          5
 Apportation              Tloc           48%        N/A       4%          1
 Freeze                   Ice            96%        1d10      4%          1
 Summon Small Mammal      Summ           96%        N/A       4%          1
 Anguish                  Hex/Necr       26%        N/A       4%          4
 Martyr's Knell           Necr/Summ      52%        N/A       4%          4
 Ensorcelled Hibernation  Hex/Ice        48%        N/A       6%          2
 Jinxbite                 Hex            48%        N/A       6%          2
 Arcjolt                  Conj/Air       28%        1d38      8%          5
 Fireball                 Conj/Fire      28%        3d12      8%          5
 Death Channel            Necr           35%        N/A       8%          6
 Confusing Touch          Hex            24%        N/A       12%         3
 Frozen Ramparts          Ice            48%        1d8       12%         3
 Gell's Gravitas          Tloc           24%        N/A       12%         3
 Sigil of Binding         Hex            24%        N/A       12%         3
 Swiftness                Air            24%        N/A       12%         3
 Teleport Other           Tloc           24%        N/A       12%         3
 Orb of Destruction       Conj           38%        9d11      14%         7
 Sculpt Simulacrum        Ice/Alch       32%        N/A       16%         6
 Freezing Cloud           Conj/Ice/Air   24%        6-21      19%         5
 Airstrike                Air            12%        2d(2-18)  36%         4
 Summon Blazeheart Golem  Fire/Summ      24%        N/A       36%         4
 Summon Lightning Spire   Summ/Air       24%        N/A       36%         4
 Vhi's Electric Charge    Tloc/Air       48%        N/A       36%         4
 Conjure Ball Lightning   Conj/Air       28%        3x3d8     38%         6
 Starburst                Conj/Fire      28%        6d9       38%         6
 Lehudib's Crystal Spear  Conj/Erth      40%        10d10     54%         8
 Silence                  Hex/Air        12%        N/A       73%         5
 Summon Forest            Summ/Tloc      12%        N/A       73%         5
 Spellforged Servitor     Conj/Summ      28%        N/A       92%         7
 Plasma Beam              Fire/Air       12%        2x1d23    99%         6
 Summon Cactus Giant      Summ           12%        N/A       99%         6
 Shatter                  Erth           41%        3d32*     99%         9
 Enfeeble                 Hex            12%        N/A       100%        7
 Malign Gateway           Summ/Tloc      12%        N/A       100%        7
 Summon Hydra             Summ           12%        N/A       100%        7
 Discord                  Hex            12%        N/A       100%        8
 Maxwell's Capacitive Co  Air            12%        ∞         100%        8
 Summon Horrible Things   Summ           12%        N/A       100%        8
 Chain Lightning          Conj/Air       28%        3d38      100%        9
 Dragon's Call            Summ           12%        N/A       100%        9
 Fire Storm               Conj/Fire      28%        8d7       100%        9
 Polar Vortex             Ice            12%        12d1*     100%        9


Dungeon Overview and Level Annotations

Branches:
Dungeon (1/1)

Altars:
Ashenzari
Cheibriados
Dithmenos
Elyvilon
Fedhas
Gozag
Hepliaklqana
Kikubaaqudgha
Makhleb
Nemelex Xobeh
Okawaru
Qazlal
Ru
Sif Muna
Trog
Uskayaw
Vehumet
Wu Jian
Xom
Yredelemnul
Zin
The Shining One
Jiyva
Lugonu


Innate Abilities, Weirdness & Mutations

You are very small and have problems with some larger weapons.
You are too small for most types of armour.
You have supernaturally acute eyesight. (SInv)
You cover ground extremely quickly. (Speed+++)


Message History

The red draconian scorcher breathes fire at you.
The searing blast misses you.
Unknown command.
Unknown command.
Casting: Borgnjor's Vile Clutch (dangerous; 1% risk of failure)
Confirm with . or Enter, or press ? or * to list all spells.
Aiming: Bombard (dangerous; 1% risk of failure)
Press: ? - help, Shift-Dir - straight line, f/p - red draconian scorcher
Aim: a red draconian scorcher, wielding a +0 short sword and wearing a +0 cloak (lightly wounded, catching its breath, constricted by zombie hands, 100% to hit)
Okay, then.
Casting: Bombard (dangerous; 1% risk of failure)
Confirm with . or Enter, or press ? or * to list all spells.
Okay, then.
Casting: Bombard (dangerous; 1% risk of failure)
Confirm with . or Enter, or press ? or * to list all spells.
Aiming: Stone Arrow (safe; 1% risk of failure)
Press: ? - help, Shift-Dir - straight line, f/p - red draconian scorcher
Aim: a red draconian scorcher, wielding a +0 short sword and wearing a +0 cloak (lightly wounded, catching its breath, constricted by zombie hands, 100% to hit)
The stone arrow hits the red draconian scorcher!
The red draconian scorcher is moderately wounded.
The zombie hands constrict the red draconian scorcher.
The red draconian scorcher struggles to escape constriction.
Unknown command.
Casting: Stone Arrow (safe; 1% risk of failure)
Confirm with . or Enter, or press ? or * to list all spells.
Aiming: Stone Arrow (safe; 1% risk of failure)
Press: ? - help, Shift-Dir - straight line, f/p - red draconian scorcher
Aim: a red draconian scorcher, wielding a +0 short sword and wearing a +0 cloak (moderately wounded, catching its breath, constricted by zombie hands, 100% to hit)
The stone arrow hits the red draconian scorcher!!
The red draconian scorcher is heavily wounded.
The zombie hands constrict the red draconian scorcher!
The red draconian scorcher points at you and mumbles some strange words.
The sphere of damnation explodes!
The damnation engulfs you!!
* * * LOW HITPOINT WARNING * * *
Unknown command.
You feel much better.
The zombie hands constrict the red draconian scorcher!
The red draconian scorcher points at you and mumbles some strange words.
The fireball explodes!
The fireball engulfs you!!!
You die...

)#..# ....# ....# .#..# ....+
....+ ##''#
##''#############################
##........[.)))§@)..q.......T....
##...))...)...).)[))...).......).
##.)##############)'#############
##).#))#))#))))#......#[[[.#[[#[[
##.)#))#))##''##......##''##[[#[[
##).#.....#....#......#....#.....
##.)#..####....###).###....####..
##..#..'......................'..
##..#..####................####..


You could see a red draconian scorcher (catching breath, clutched).

Vanquished Creatures
  2 sphinxes (D)
  An emperor scorpion (D)
  A draconian shifter (D)
  2 orc warlords (D)
  A draconian annihilator (D)
  A green draconian (D)
  A lorocyproca (D)
  A deep elf annihilator (D)
  A war gargoyle (D)
  2 deep elf death magi (D)
  An eidolon (D)
  A merfolk impaler (D)
  A blizzard demon (D)
  2 yaktaur captains (D)
  2 deep elf high priests (D)
  2 fire dragons (D)
  6 vault guards (D)
  An alligator (D)
  2 anacondas (D)
  Erica (D)
  2 catoblepae (D)
  A boulder beetle (D)
  An alligator snapping turtle (D)
  2 deep troll shamans (D)
  A naga warrior (D)
  2 occultists (D)
  3 hell hogs (D)
  5 hell knights (D)
  A sun demon (D)
  A fire crab (D)
  A sixfirhy (D)
  3 shadow wraiths (D)
  2 iron trolls (D)
  2 sea snakes (D)
  A lindwurm (D)
  A bog body (D)
  10 orc knights (D)
  2 deep elf pyromancers (D)
  A wolf spider (D)
  4 manticores (D)
  An ugly thing (D)
  A naga mage (D)
  6 elephants (D)
  2 gargoyles (D)
  An unseen horror (shapeshifter) (D)
  3 yaktaurs (D)
  An ice devil (D)
  A guardian mummy (D)
  A troll (D)
  4 merfolk (D)
  A tarantella (D)
  A tyrant leech (D)
  2 hornets (D)
  2 glass eyes (D)
  2 snapping turtles (D)
  A culicivora (D)
  4 shadows (D)
  A ynoxinul (D)
  A spriggan (D)
  3 fire elementals (D)
  A basilisk (D)
  7 redbacks (D)
  A fire bat (D)
  A water moccasin (D)
  5 hell hounds (D)
  A crocodile (D)
  A small abomination (D)
  6 wolves (D)
  2 centaurs (D)
  A bullfrog (D)
  An earth elemental (D)
  A brain worm (D)
  2 gnoll sergeants (D)
  A scorpion (D)
  2 crimson imps (D)
  A jelly (D)
  3 orc priests (D)
  An orc wizard (D)
  9 gnolls (D)
  An adder (D)
  A dart slug (D)
  A ribbon worm (D)
  5 orcs (D)
  A giant cockroach (D)
  A goblin (D)
  A hobgoblin (D)
  2 jackals (D)
  2 quokkas (D)
  2 ball pythons (D)
  A ball python zombie (D)
  A bat (D)
  2 frilled lizards (D)
  A kobold (D)
  A rat (D)
187 creatures vanquished.

Notes
Turn   | Place    | Note
-------+----------+-------------------------------------------
     0 | D        | Groucho the Spriggan Earth Elementalist began the quest for
                  | the Orb.
     0 | D        | Reached XP level 1. HP: 9/9 MP: 5/5
    42 | D        | Found a bloodstained altar of Trog.
    42 | D        | Found a shimmering blue altar of Sif Muna.
    42 | D        | Found a viscous altar of Jiyva.
    42 | D        | Found a hazy altar of Hepliaklqana.
    42 | D        | Found an opulent altar of Gozag.
    43 | D        | Found a glowing golden altar of the Shining One.
    43 | D        | Found a glowing silver altar of Zin.
    43 | D        | Found a basalt altar of Yredelemnul.
    43 | D        | Found a shimmering altar of Xom.
    43 | D        | Found an ornate altar of the Wu Jian Council.
    43 | D        | Found a sacrificial altar of Ru.
    43 | D        | Found a stormy altar of Qazlal.
    43 | D        | Found an iron altar of Okawaru.
    43 | D        | Found a sparkling altar of Nemelex Xobeh.
    43 | D        | Found a burning altar of Makhleb.
    43 | D        | Found a blossoming altar of Fedhas.
    43 | D        | Found a white marble altar of Elyvilon.
    43 | D        | Found a shadowy altar of Dithmenos.
    43 | D        | Found a snail-covered altar of Cheibriados.
    45 | D        | Found a corrupted altar of Lugonu.
    45 | D        | Found a radiant altar of Vehumet.
    46 | D        | Found an ancient bone altar of Kikubaaqudgha.
    46 | D        | Found a hide-covered altar of Uskayaw.
    46 | D        | Found a broken altar of Ashenzari.
    49 | D        | Became a worshipper of Sif Muna the Loreminder
    63 | D        | Reached skill level 3 in Spellcasting
    63 | D        | Reached skill level 1 in Conjurations
    63 | D        | Reached XP level 2. HP: 13/13 MP: 3/7
   405 | D        | Reached * piety under Sif Muna
   516 | D        | Noticed a glass eye
   531 | D        | Reached ** piety under Sif Muna
   763 | D        | Killed a glass eye
   764 | D        | Reached skill level 5 in Spellcasting
   764 | D        | Reached skill level 5 in Earth Magic
   764 | D        | Reached XP level 3. HP: 19/19 MP: 1/11
   764 | D        | Reached XP level 4. HP: 23/23 MP: 1/12
   764 | D        | Reached XP level 5. HP: 28/28 MP: 1/14
  1148 | D        | Learned a level 3 spell: Stone Arrow
  1153 | D        | Learned a level 4 spell: Petrify
  1188 | D        | Reached skill level 6 in Spellcasting
  1188 | D        | Reached XP level 6. HP: 20/32 MP: 5/16
  1189 | D        | Reached *** piety under Sif Muna
  1307 | D        | Reached **** piety under Sif Muna
  1711 | D        | Noticed Erica
  1716 | D        | Killed Erica
  1717 | D        | Reached skill level 5 in Fighting
  1717 | D        | Reached skill level 5 in Short Blades
  1717 | D        | Reached skill level 10 in Stealth
  1717 | D        | Reached skill level 8 in Spellcasting
  1717 | D        | Reached skill level 5 in Invocations
  1717 | D        | Reached XP level 7. HP: 35/39 MP: 2/19
  1927 | D        | Reached ***** piety under Sif Muna
  1932 | D        | Reached skill level 5 in Conjurations
  1932 | D        | Reached XP level 8. HP: 43/43 MP: 4/21
  2152 | D        | Received a gift from Sif Muna
  2153 | D        | Got Sif Muna's Commentary on Charms and Phantasms {god
                  | gift}
  2170 | D        | Noticed a sea snake
  2180 | D        | Killed a sea snake
  2181 | D        | Reached skill level 9 in Spellcasting
  2536 | D        | Noticed a sea snake
  2540 | D        | Reached XP level 9. HP: 49/49 MP: 10/23
  2552 | D        | Killed a sea snake
  2553 | D        | Reached skill level 5 in Dodging
  2553 | D        | Reached skill level 10 in Spellcasting
  2922 | D        | Noticed a manticore
  2928 | D        | Killed a manticore
  2928 | D        | Received a gift from Sif Muna
  2929 | D        | Got Sif Muna's Parchment of Assaults and the Winter {god
                  | gift}
  3192 | D        | Noticed a manticore
  3195 | D        | Killed a manticore
  3196 | D        | Reached skill level 11 in Spellcasting
  3707 | D        | Reached ****** piety under Sif Muna
  3708 | D        | Reached XP level 10. HP: 55/55 MP: 19/26
  3726 | D        | Noticed a bog body
  3739 | D        | Killed a bog body
  3972 | D        | Received a gift from Sif Muna
  3973 | D        | Got Sif Muna's Atlas of Cloudy Fulmination {god gift}
  4346 | D        | Noticed an emperor scorpion
  4389 | D        | Killed an emperor scorpion
  4390 | D        | Reached skill level 12 in Spellcasting
  4390 | D        | Reached skill level 10 in Alchemy
  4881 | D        | Noticed a lindwurm
  4883 | D        | Noticed a deep elf pyromancer
  4884 | D        | Killed a lindwurm
  4904 | D        | Killed a deep elf pyromancer
  4905 | D        | Reached skill level 10 in Earth Magic
  4905 | D        | Reached skill level 10 in Invocations
  4911 | D        | Noticed a manticore
  4920 | D        | Killed a manticore
  4921 | D        | Reached skill level 13 in Spellcasting
  5479 | D        | Noticed an elephant
  5712 | D        | Received a gift from Sif Muna
  5739 | D        | Noticed an elephant
  5945 | D        | Noticed a gargoyle
  5952 | D        | Killed a gargoyle
  5953 | D        | Reached XP level 11. HP: 58/58 MP: 8/29
  6002 | D        | Received a gift from Sif Muna
  6004 | D        | Got Sif Muna's Verses on Aeromancy and the Tincture {god
                  | gift}
  6110 | D        | Noticed a shadow wraith
  6115 | D        | Killed a shadow wraith
  6361 | D        | Received a gift from Sif Muna
  7309 | D        | Received a gift from Sif Muna
  7310 | D        | Got Gantop's Codex of Blasts and the Xenolith {god gift}
  7317 | D        | Learned a level 5 spell: Lee's Rapid Deconstruction
  7323 | D        | Learned a level 5 spell: Irradiate
  7559 | D        | Noticed a shadow wraith
  7571 | D        | Noticed an alligator
  7573 | D        | Killed a shadow wraith
  7574 | D        | Reached skill level 14 in Spellcasting
  7579 | D        | Killed an alligator
  7719 | D        | Noticed a boulder beetle
  7734 | D        | Killed a boulder beetle
  8013 | D        | Noticed an alligator snapping turtle
  8262 | D        | Killed an alligator snapping turtle
  8262 | D        | Received a gift from Sif Muna
  8263 | D        | Reached skill level 10 in Dodging
  8266 | D        | Got Sif Muna's Anthology of Bewitching Accomplices {god
                  | gift}
  8391 | D        | Noticed an anaconda
  8651 | D        | Killed an anaconda
  8776 | D        | Noticed an anaconda
  8783 | D        | Killed an anaconda
  8784 | D        | Reached XP level 12. HP: 65/65 MP: 31/31
  9503 | D        | Received a gift from Sif Muna
  9555 | D        | Reached skill level 10 in Short Blades
 10446 | D        | Noticed an orc warlord
 10446 | D        | Noticed an orc warlord
 10615 | D        | Reached skill level 15 in Spellcasting
 10766 | D        | Received a gift from Sif Muna
 10767 | D        | Got Sif Muna's Catalogue of the Noxious Anticline {god
                  | gift}
 11123 | D        | Reached skill level 10 in Conjurations
 11480 | D        | Killed an orc warlord
 11481 | D        | Reached skill level 15 in Stealth
 11663 | D        | Killed an orc warlord
 12172 | D        | Noticed a naga warrior
 12184 | D        | Noticed a vault guard
 12268 | D        | Killed a vault guard
 12269 | D        | Reached skill level 10 in Fighting
 12586 | D        | Received a gift from Sif Muna
 12587 | D        | Reached skill level 16 in Spellcasting
 12587 | D        | Got Reple's Vellum of Summoned Concussion {god gift}
 12595 | D        | Learned a level 6 spell: Bombard
 12724 | D        | Noticed a vault guard
 12771 | D        | Killed a vault guard
 13041 | D        | Noticed a vault guard
 13042 | D        | Noticed a yaktaur captain
 13050 | D        | Killed a yaktaur captain
 13053 | D        | Killed a vault guard
 13198 | D        | Killed a naga warrior
 13199 | D        | Reached XP level 13. HP: 72/72 MP: 23/34
 13463 | D        | Noticed a blizzard demon
 13468 | D        | Killed a blizzard demon
 13731 | D        | Received a gift from Sif Muna
 13732 | D        | Reached skill level 15 in Alchemy
 13732 | D        | Got Qemiamuv's Anthology of the Topological Missiles {god
                  | gift}
 14185 | D        | Reached skill level 17 in Spellcasting
 15377 | D        | Received a gift from Sif Muna
 15380 | D        | Got Gyuciw's Secrets of Necrotic Breccia {god gift}
 15387 | D        | Learned a level 5 spell: Borgnjor's Vile Clutch
 15504 | D        | Reached skill level 1 in Armour
 15534 | D        | Noticed a fire dragon
 15550 | D        | Killed a fire dragon
 15551 | D        | Reached skill level 1 in Necromancy
 15564 | D        | Received a gift from Sif Muna
 15564 | D        | Noticed a merfolk impaler
 15579 | D        | Killed a merfolk impaler
 15593 | D        | Reached skill level 18 in Spellcasting
 15598 | D        | Got Sif Muna's Encyclopedia of the Adder {god gift}
 15971 | D        | Received a gift from Sif Muna
 15972 | D        | Got Sif Muna's Even More Hermeneutics {god gift}
 16575 | D        | Found the +2 hat of the Bear Spirit {Spirit, Bear, *Rage
                  | Will++}
 16616 | D        | Identified the ring "Bezeem" {rPois Str-5 Int+6 Slay+4
                  | Stlth-}
 17782 | D        | Received a gift from Sif Muna
 17783 | D        | Got Foroyro's Secrets of Pneumatic Effluvium {god gift}
 18099 | D        | Noticed an eidolon
 18101 | D        | Killed an eidolon
 18102 | D        | Reached skill level 5 in Necromancy
 18895 | D        | Noticed a war gargoyle
 18938 | D        | Received a gift from Sif Muna
 18939 | D        | Got Xyomo's Directory of Breath and Percussion {god gift}
 18984 | D        | Killed a war gargoyle
 19840 | D        | Reached skill level 15 in Earth Magic
 20511 | D        | Noticed a sphinx
 20512 | D        | Received a gift from Sif Muna
 20513 | D        | Got Sif Muna's Catalogue of the Allied Caves {god gift}
 20531 | D        | Killed a sphinx
 20532 | D        | Reached XP level 14. HP: 37/77 MP: 19/37
 20667 | D        | Reached skill level 5 in Armour
 20793 | D        | Noticed a yellow draconian annihilator
 20799 | D        | Killed a yellow draconian annihilator
 20941 | D        | Reached skill level 15 in Dodging
 21166 | D        | Noticed a purple draconian shifter
 21171 | D        | Killed a purple draconian shifter
 21171 | D        | Received a gift from Sif Muna
 21375 | D        | Noticed a sphinx
 21380 | D        | Killed a sphinx
 21563 | D        | Noticed a fire giant
 21967 | D        | Received a gift from Sif Muna
 21968 | D        | Reached skill level 10 in Necromancy
 21968 | D        | Got Sif Muna's Dissertation on Abominable Liturgies and
                  | Conflict {god gift}
 22552 | D        | Noticed a red draconian scorcher
 22560 | D        | Killed from afar by a red draconian scorcher

Illustrated notes

Levels and vault maps discovered:
D:        pitsprint [storerooms_1, entrance_room_1, metal_vault_6, armoury_1,
          mini_pit_1, grid_room_1, main_hall_1, silver_pit, the_coven_3,
          the_vestibule_1, steel_vault_1, golden_pit, hallway_of_sentries,
          crystal_vault_2, iron_vault_4, final_vault]

Skill      XL: |  1  2  3  4  5  6  7  8  9 10 11 12 13 14 |
---------------+-------------------------------------------+-----
Spellcasting   | 3 5 6 8 9 11 13 14 16 18 | 18.1
Conjurations   | 1 3 4 5 6 7 8 9 10 12 13 | 13.2
Earth Magic    | 3 5 6 7 9 10 11 13 15 | 15.8
Fighting       | 2 3 5 6 7 8 10 | 10.0
Short Blades   | 3 4 5 7 9 10 | 10.0
Stealth        | 6 7 10 13 15 | 15.0
Alchemy        | 3 4 6 8 9 11 12 14 17 | 17.9
Invocations    | 3 5 6 7 8 10 | 10.0
Dodging        | 4 7 10 12 14 15 | 15.0
Armour         | 4 6 |  6.8
Necromancy     | 7 10 | 10.7

Action                     |  1- 3 |  4- 6 |  7- 9 | 10-12 | 13-15 || total
---------------------------+-------+-------+-------+-------+-------++-------
  Melee: Dagger            |     7 |     1 |     6 |    64 |    38 ||   116
         Punch             |       |       |       |       |     2 ||     2
   Cast: Sandblast         |    15 |     8 |       |     5 |       ||    28
         Stone Arrow       |       |    15 |    37 |    97 |    91 ||   240
         Petrify           |       |       |     2 |    57 |    26 ||    85
         Lee's Rapid Decon |       |       |       |     4 |    34 ||    38
         Irradiate         |       |       |       |     1 |    10 ||    11
         Borgnjor's Vile C |       |       |       |       |    48 ||    48
         Bombard           |       |       |       |       |    12 ||    12
 Invoke: Channel Magic     |       |       |       |       |     6 ||     6
    Use: Potion            |       |       |     1 |     4 |    11 ||    16
         Scroll            |       |       |       |       |     5 ||     5
   Stab: Petrified         |       |       |     6 |    56 |    21 ||    83
         Sleeping          |       |       |       |     6 |       ||     6
         Petrifying        |       |       |       |     2 |     1 ||     3
 Armour: Robe              |     5 |     1 |    11 |    25 |    10 ||    52
         Acid dragon scale |       |       |       |       |    73 ||    73
  Dodge: Dodged            |    13 |     5 |     8 |    41 |    90 ||   157
